 Dungeon Crawl Stone Soup version 0.29-a0-319-gad05b8d819 (webtiles) character file.

Game seed: 8327259301332162162

158 Murumi the Skirmisher (level 5, -2/40 (42) HPs)
             Began as a Formicid Abyssal Knight on Apr 2, 2022.
             Was a Believer of Lugonu.
             Slain by a scorpion (4 damage)
             ... on level 4 of the Dungeon.
             The game lasted 00:07:21 (4013 turns).

Murumi the Skirmisher (Formicid Abyssal Knight)     Turns: 4013, Time: 00:07:22

HP:   -2/40 (42)    AC:  4    Str: 20    XL:     5   Next: 67%
MP:   8/8           EV: 11    Int: 14    God:    Lugonu [**....]
Gold: 129           SH:  0    Dex: 16    Spells: 4/4 levels left

rFire   . . .      SeeInvis +   e - +1 whip
rCold   . . .      Faith    .   (no shield)
rNeg    . . .      Spirit   .   a - +1 leather armour of Nemelex Xobeh's Whim {rElec Int+5 Dex+5}
rPois   +          Reflect  .   (helmet unavailable)
rElec   +          Harm     .   (no cloak)
rCorr   .          Rampage  .   (no gloves)
Will    .....                   (no boots)
Stlth   ++........              (no amulet)
HPRegen 0.13/turn               i - ring of poison resistance
MPRegen 0.11/turn               (no ring)

@: mighty, lethally poisoned (-2 -> -9), lightly drained
A: permanent stasis, dig shafts and tunnels, antennae 3, four strong arms
a: Dig, Shaft Self, Renounce Religion, Depart the Abyss, Bend Space


You were on level 4 of the Dungeon.
You worshipped Lugonu.
Lugonu was pleased with you.
You visited 1 branch of the dungeon, and saw 4 of its levels.
You visited the Abyss 1 time.

You collected 129 gold pieces.

Inventory:

Hand Weapons
 e - a +1 whip (weapon)
Armour
 a - the +1 leather armour of Nemelex Xobeh's Whim (worn) {rElec Int+5 Dex+5}
   (You found it on level 2 of the Dungeon)

   Int:       It affects your intelligence (+5).
   Dex:       It affects your dexterity (+5).
   rElec:     It insulates you from electricity.
Jewellery
 i - a ring of poison resistance (left hand)
Wands
 b - a wand of flame (20)
Scrolls
 g - a scroll of amnesia
Potions
 c - 3 potions of flight
 d - a potion of might
 f - 2 potions of invisibility {unknown}
 h - a potion of heal wounds {unknown}


   Skills:
 - Level 4.0 Fighting
 - Level 3.0 Maces & Flails
 + Level 3.0 Armour
 - Level 1.0 Dodging
 - Level 2.0 Stealth
 - Level 4.0 Invocations
 - Level 1.0 Evocations


You had 4 spell levels left.
You didn't know any spells.
Your spell library contained the following spells:

 Spells                   Type           Power      Damage    Failure   Level
 Gell's Gravitas          Tloc           0%         N/A       69%         3
 Lesser Beckoning         Tloc           0%         N/A       69%         3
 Teleport Other           Tloc           0%         N/A       69%         3


Dungeon Overview and Level Annotations

Branches:
Dungeon (4/15)
 Temple: D:4-7

Altars:

Shops:
D:2 :


Innate Abilities, Weirdness & Mutations

You cannot be hasted, slowed, berserked, paralysed or teleported.
You can dig through walls and to a lower floor.
You have a pair of large antennae on your head. (SInv)
Your four strong arms can wield two-handed weapons with a shield.


Message History

The scorpion stings you but does no damage.
You barely miss the scorpion.
The scorpion is moderately wounded.
The scorpion closely misses you.
You barely miss the scorpion.
The scorpion is moderately wounded.
The scorpion misses you.
You completely miss the scorpion.
The scorpion is moderately wounded.
The scorpion stings you.
You hit the scorpion.
The scorpion is heavily wounded.
The scorpion barely misses you.
You barely miss the scorpion.
The scorpion is heavily wounded.
The scorpion stings you but does no damage.
You hit the scorpion.
The scorpion is severely wounded.
The scorpion stings you but does no damage.
You hit the scorpion.
The scorpion is severely wounded.
The scorpion barely misses you. The scorpion stings you!
You are too injured to fight recklessly!
You hit the scorpion but do no damage.
The scorpion is severely wounded.
The scorpion stings you.
You are poisoned.
The scorpion poisons you!
You hit the scorpion but do no damage.
The scorpion is severely wounded.
* * * LOW HITPOINT WARNING * * *
You feel very sick. The scorpion stings you.
* * * LOW HITPOINT WARNING * * *
It was a potion of might.
You feel very mighty all of a sudden.
* * * LOW HITPOINT WARNING * * *
You feel very sick. The scorpion stings you.
You die...

# .## #.# . .. #.
#.# #. .# .# #. #.#
#.##.##..#####. #.#
#..............
####.##
#.<..$........
#>..... #.#.^.....
... #..#### #.
####### #.#####
#..# #. #Ss@..#
#..# #.
#######.########..#
##
..................#
.###############.##
#.# #.# #.# #.# #.#


You could see a scorpion and a ball python.

Vanquished Creatures
  A jelly (D:3)
  4 gnolls (D:3)
  3 adders (D:2)
  2 worms
  3 dart slugs
  An orc (D:3)
  3 bats
  6 giant cockroaches
  4 goblins
  6 hobgoblins
  5 jackals
  A quokka (D:1)
  4 ball pythons
  5 frilled lizards
  4 kobolds
  2 rats (D:1)
54 creatures vanquished.

Notes
Turn   | Place    | Note
-------+----------+-------------------------------------------
     0 | Abyss:1  | Murumi the Formicid Abyssal Knight began the quest for the
                  | Orb.
     0 | Abyss:1  | Reached XP level 1. HP: 18/18 MP: 2/2
    22 | Abyss:1  | Found a corrupted altar of Lugonu.
   157 | Abyss:1  | Found a corrupted altar of Lugonu.
   163 | Abyss:1  | Found a bloodstained altar of Trog.
   175 | Abyss:1  | Noticed a tentacled starspawn
   176 | D:1      | Escaped the Abyss
   228 | D:1      | Reached skill level 1 in Dodging
   559 | D:1      | Reached XP level 2. HP: 24/25 MP: 3/3
   769 | D:1      | Reached ** piety under Lugonu
  1055 | D:1      | Reached XP level 3. HP: 29/30 MP: 4/4
  1544 | D:2      | Identified the +1 leather armour of Nemelex Xobeh's Whim
                  | {rElec Int+5 Dex+5}
  1938 | D:2      | Reached skill level 1 in Stealth
  1938 | D:2      | Reached XP level 4. HP: 22/37 MP: 6/6
  2325 | D:2      | Found Dozxowk's Book Shoppe.
  2667 | D:3      | Reached skill level 1 in Evocations
  2667 | D:3      | Reached XP level 5. HP: 23/42 MP: 7/7
  4013 | D:4      | HP: 2/40 [poisoned by a scorpion]
  4013 | D:4      | Slain by a scorpion

Illustrated notes

Levels and vault maps discovered:
D:1:      minmay_arrival_nine_rooms, layout_loops_corners,
          minmay_worlds_worst_comb
D:2:      layout_loops_ring, serial_shops, shop, minmay_domino_4
D:3:      layout_basic
D:4:      layout_loops_ring

Skill      XL: |  1  2  3  4  5 |
---------------+----------------+-----
Dodging        | 1 |  1.0
Fighting       | 4 |  4.0
Armour         | 3 |  3.0
Invocations    | 3 4 |  4.0
Stealth        | 1 2 |  2.0
Evocations     | 1 |  1.0
Maces & Flails | 3 |  3.0

Action                   |  1- 3 |  4- 6 || total
-------------------------+-------+-------++-------
Melee: Mace              |    68 |       ||    68
       Punch             |     1 |     4 ||     5
       Whip              |    39 |   106 ||   145
Invok: Depart the Abyss  |     1 |       ||     1
 Abil: Dig               |       |     1 ||     1
  Use: Scroll            |     5 |     5 ||    10
       Potion            |       |     1 ||     1
 Stab: Sleeping          |       |     3 ||     3
Armor: Leather armour    |    31 |    27 ||    58
Dodge: Dodged            |    72 |    41 ||   113

Table legend: (Time is in decaauts)
 A = Elapsed time spent in this place.
 B = Non-inter-level travel time spent in this place.
 C = Inter-level travel time spent in this place.
 D = Time resting spent in this place.
 E = Time spent auto-exploring this place.
 F = Levels seen in this place.
 G = Mean time per level.
                   A        B        C        D        E       F      G
               +--------+--------+--------+--------+--------+-----+--------+
         Total |   4039 |   3765 |    274 |    109 |   3122 |   5 |  807.8 |
       Dungeon |   3859 |   3585 |    274 |    109 |   2948 |   4 |  964.8 |
         Abyss |    179 |    179 |      0 |      0 |    174 |   1 |  179.0 |
               +--------+--------+--------+--------+--------+-----+--------+

Top non-repeatable levels by time:
     D:1: 1410 daAuts
     D:2: 1284 daAuts
     D:3: 1102 daAuts
 Abyss:1: 179 daAuts
     D:4: 61 daAuts
